 Dungeon Crawl Stone Soup version 0.28-a0-1594-ga885d4b3d6 (webtiles) character file.

Game seed: 226133193578760419

30 HallandMoats the Shield-Bearer (level 3, 23/23 HPs)
             Began as a Gargoyle Fighter on Jan 21, 2022.
             Was a Follower of Uskayaw.
             Got out of the dungeon alive.
             The game lasted 00:01:12 (919 turns).

HallandMoats the Shield-Bearer (Gargoyle Fighter)    Turns: 919, Time: 00:01:13

Health: 23/23      AC: 11    Str: 19    XL:     3   Next: 20%
Magic:  3/3        EV:  9    Int:  8    God:    Uskayaw [*.....]
Gold:   89         SH:  4    Dex: 11    Spells: 2/2 levels left

rFire   . . .      SeeInvis .   a - +0 war axe
rCold   . . .      Faith    .   c - +0 buckler
rNeg    + . .      Spirit   .   b - +0 scale mail
rPois   ∞          Reflect  .   g - +0 helmet
rElec   +          Harm     .   (no cloak)
rCorr   .          Rampage  .   (no gloves)
Will    .....                   (no boots)
Stlth   ..........              (no amulet)
HPRegen 0.07/turn               (no ring)
MPRegen 0.08/turn               (no ring)

@: no status effects
A: sickness immunity, AC +3, negative energy resistance 1, electricity
resistance, torment resistance 1, petrification resistance
a: Renounce Religion, Stomp


You escaped.
You worshipped Uskayaw.
Uskayaw was noncommittal.
You visited 1 branch of the dungeon, and saw 1 of its levels.

You collected 89 gold pieces.

Inventory:

Hand Weapons
 a - a +0 war axe (weapon)
Armour
 b - a +0 scale mail (worn)
 c - a +0 buckler (worn)
 g - a +0 helmet (worn)
Jewellery
 j - a ring of fire
Scrolls
 e - a scroll of vulnerability {unknown}
 i - 2 scrolls of fear {unknown}
 k - a scroll of magic mapping {unknown}
Potions
 d - a potion of might
 f - a potion of flight {unknown}
 h - a potion of resistance {unknown}
 l - a potion of cancellation {unknown}


   Skills:
 + Level 3.4 Fighting
 * Level 2.2 Axes
 + Level 3.4 Armour
 * Level 1.1 Dodging
 + Level 3.5 Shields


You had 2 spell levels left.
You didn't know any spells.
Your spell library contained the following spells:

 Spells                   Type           Power      Damage    Failure   Level
 Beastly Appendage        Tmut           0%         N/A       86%         1
 Wereblood                Tmut           0%         N/A       95%         2
 Spider Form              Tmut/Pois      0%         N/A       99%         3


Dungeon Overview and Level Annotations

Branches:
Dungeon (1/15)

Altars:
Uskayaw


Innate Abilities, Weirdness & Mutations

You are immune to sickness and miasma.
Your stone body is resilient. (AC +3)
You are immune to poison.
You resist negative energy. (rN+)
You are resistant to electric shocks. (rElec)
You are resistant to unholy torment.
You are immune to petrification.


Message History

The slug dart hits you but does no damage.
You hit the dart slug.
You kill the dart slug!
No target in view!
No target in view!
No target in view!
No target in view!
No target in view!
No target in view!
No target in view!
No target in view!
No target in view!
No target in view!
No target in view!
No target in view!
No target in view!
No target in view!
No target in view!
No target in view!
No target in view!
No target in view!
No target in view!
No target in view!
No target in view!
No target in view!
You open the door.
l - a sedimented pink potion Done exploring.
Done exploring.
Done exploring.
Done exploring.
(D) Dungeon
Where to? (? - help)
Okay, then.
(D) Dungeon
Where to? (? - help)
What level of the Dungeon? (default 1, ? - help)
There is a staircase leading out of the dungeon here.
Are you sure you want to leave the Dungeon?
This will make you lose the game!
You have escaped!

...............# #....#......
...............# ###....#......
...##.......#### #......#......
...##.......##.♣####......#......
...##....####.♣.♣..#......#......
...##....##..##♣.♣#..#....##...#.
...##.......##♣..###.......#...#.
...##.......# ♣..♣ #.......#.....
............# #♣@♣ #.......#.....
............# #♣# #.........#...
............# #.........#...
............# #............#
......#.....# ###............#
......#.....# #..............#
...........## #......##......#
...........# #......##......#
....###.#### #...)).##.......


There were no monsters in sight!

Vanquished Creatures
  A dart slug (D:1)
  A bat (D:1)
  4 endoplasms (D:1)
  A giant cockroach (D:1)
  4 goblins (D:1)
  A hobgoblin (D:1)
  2 kobolds (D:1)
  2 quokkas (D:1)
  6 ball pythons (D:1)
  2 rats (D:1)
24 creatures vanquished.

Vanquished Creatures (others)
  9 plants (D:1)
  5 withered plants (D:1)
14 creatures vanquished.

Grand Total: 38 creatures vanquished

Notes
Turn   | Place    | Note
-------+----------+-------------------------------------------
     0 | D:1      | HallandMoats the Gargoyle Fighter began the quest for the
                  | Orb.
     0 | D:1      | Reached XP level 1. HP: 14/14 MP: 1/1
   140 | D:1      | Reached XP level 2. HP: 19/19 MP: 2/2
   384 | D:1      | Reached skill level 1 in Dodging
   463 | D:1      | Reached XP level 3. HP: 23/23 MP: 3/3
   590 | D:1      | Found a faded altar of an unknown god.
   630 | D:1      | Prayed at the altar of an unknown god.
   630 | D:1      | Became a worshipper of Uskayaw the Reveller
   630 | D:1      | Reached * piety under Uskayaw
   919 | D:$      | Got out of the dungeon alive.

Illustrated notes

Levels and vault maps discovered:
D:1:      pf_arrival_petrified_forest, layout_basic,
          shapermc_ecumenical_altar_flowoftime, minmay_tree_intersection

Skill      XL: |  1  2 |
---------------+-------+-----
Axes           | 2 |  2.2
Dodging        | 1 |  1.1
Fighting       | |  3.4
Armour         | |  3.4
Shields        | |  3.5

Action                   || total
-------------------------++-------
Melee: War axe           ||    83
Armor: Scale mail        ||    47
Dodge: Dodged            ||    40
Block: Buckler           ||    22

Table legend: (Time is in decaauts)
 A = Elapsed time spent in this place.
 B = Non-inter-level travel time spent in this place.
 C = Inter-level travel time spent in this place.
 D = Time resting spent in this place.
 E = Time spent auto-exploring this place.
 F = Levels seen in this place.
 G = Mean time per level.
                   A        B        C        D        E       F      G
               +--------+--------+--------+--------+--------+-----+--------+
         Total |    954 |    929 |     25 |      0 |    698 |   1 |  954.0 |
       Dungeon |    954 |    929 |     25 |      0 |    698 |   1 |  954.0 |
               +--------+--------+--------+--------+--------+-----+--------+

Top non-repeatable levels by time:
     D:1: 954 daAuts
